 Dungeon Crawl Stone Soup version 0.17-a0-1450-g7e755d1 (webtiles) character file.

506 pulse the Chopper (level 7, -3/52 HPs)
             Began as a Formicid Berserker on June 30, 2015.
             Was a Priest of Trog.
             Killed from afar by an orc wizard (7 damage)
             ... with a magic dart
             ... on level 4 of the Dungeon.
             The game lasted 00:07:10 (4221 turns).

pulse the Chopper (Formicid Berserker)              Turns: 4221, Time: 00:07:10

Health: -3/52      AC:  6    Str: 23    XL:     7   Next: 41%
Magic:  7/7        EV: 14    Int:  7    God:    Trog [***...]
Gold:   172        SH:  0    Dex: 15    Spells: 0 memorised, 6 levels left

rFire  x . .     SeeInvis +     a - +0 hand axe
rCold  + . .     Clarity  .     h - +0 scale mail
rNeg   . . .     SustAt   .     (no shield)
rPois  .         Gourm    .     (helmet unavailable)
rElec  .         Spirit   .     (no cloak)
rCorr  .         Warding  .     (no gloves)
rMut   .         Stasis   +     (no boots)
MR     .....                    (no amulet)
Stlth  +.........               (no ring)
                                p - ring of ice

@: agile, heavily drained, not resistant to hostile enchantments, very
unstealthy
A: permanent stasis, dig shafts and tunnels, four strong arms, antennae 3
a: Dig, Shaft Self, Burn Spellbooks, Trog's Hand, Renounce Religion


You were on level 4 of the Dungeon.
You worshipped Trog.
Trog was most pleased with you.
You were not hungry.

You visited 1 branch of the dungeon, and saw 4 of its levels.

You collected 172 gold pieces.

Inventory:

Hand weapons
 a - a +0 hand axe (weapon)
Armour
 h - a +0 scale mail (worn)
Jewellery
 d - an uncursed ring of see invisible {unknown}
 p - a ring of ice (left hand)
Magical devices
 o - a wand of fireball (2)
Scrolls
 e - 3 scrolls of remove curse
 i - 2 scrolls of enchant armour {unknown}
 k - 3 scrolls of identify
 l - a scroll of noise {unknown}
 m - 2 scrolls of amnesia {unknown}
Potions
 f - a potion of magic
 g - 2 potions of curing
 j - 2 potions of brilliance
Comestibles
 c - a bread ration
 q - 5 fruits


   Skills:
 - Level 3.2(0.9) Fighting
 * Level 7.8(5.2) Axes
 - Level 2.2(0.0) Armour
 - Level 1.7(0.0) Dodging
 + Level 1.3(0.0) Stealth


You had 6 spell levels left.
You didn't know any spells.

Dungeon Overview and Level Annotations

Branches:
Dungeon (4/15)
 Temple: D:4-7

Altars:
Ru


Innate Abilities, Weirdness & Mutations

You are under a permanent stasis effect.
You can dig through walls and to a lower floor.
Your four strong arms can wield two-handed weapons with a shield.
You have a pair of large antennae on your head (SInv).


Message History

The orc is almost dead.
The orc wizard gestures wildly while chanting.
The orc wizard flickers and vanishes for a moment.
The orc wizard points at you and mumbles some strange words.
The puff of flame hits you! The fire burns you terribly!
* * * LOW HITPOINT WARNING * * *
The orc closely misses you.
You completely miss the orc wizard.
The orc wizard is severely wounded.
You hit the orc but do no damage.
The orc is almost dead.
The orc wizard casts a spell at you. The puff of flame hits you!
The orc closely misses you.
You hit the orc wizard.
The orc wizard is almost dead.
You barely miss the orc.
The orc is almost dead.
The orc wizard points at you and mumbles some strange words.
The magic dart hits you!
You die...

####.# #.
#.##### #.#
#<.# #.....#
#.# =#
#####.# #.#
#.# #.# #.#
..# #.# #.#
..# #.# #.#
#####..# #.#
#.# ##..(#..#
#.#
#.###.###@o.#
####.#
#.....(.#o..#
#....#
#####.#.#...#
#.####
##......# #.#
####.## #.#
#.. .# #.#
#.# ## #.#
#.# #.# #.#
#.#


You could see an orc wizard (invisible) and an orc.

Vanquished Creatures
  The ghost of Aesgard the Skirmisher, an average GrFi (D:4)
  A giant frog skeleton (D:4)
  Ijyb (D:2)
  2 orc priests
  A worker ant (D:4)
  4 gnolls
  3 adders
  An ooze (D:1)
  A worm (D:4)
  12 orcs (D:3)
  A giant cockroach (D:1)
  12 hobgoblins
  13 jackals
  10 kobolds
  9 bats
  3 giant geckos
  A giant gecko skeleton (D:3)
  3 giant newts
  9 goblins
  6 rats
94 creatures vanquished.

Notes
Turn   | Place    | Note
--------------------------------------------------------------
     0 | D:1      | pulse the Formicid Berserker began the quest for the Orb.
     0 | D:1      | Reached XP level 1. HP: 18/18 MP: 1/1
   110 | D:1      | Reached XP level 2. HP: 8/24 MP: 2/2
   532 | D:1      | Reached XP level 3. HP: 13/29 MP: 3/3
   767 | D:1      | Reached skill level 4 in Axes
   975 | D:1      | Acquired Trog's second power
  1693 | D:1      | Reached XP level 4. HP: 12/35 MP: 4/4
  1943 | D:2      | Reached skill level 5 in Axes
  2169 | D:2      | Reached XP level 5. HP: 36/41 MP: 5/5
  2173 | D:2      | Found a sacrificial altar of Ru.
  2365 | D:2      | Noticed Ijyb
  2387 | D:2      | Killed Ijyb
  3036 | D:3      | Reached skill level 1 in Stealth
  3187 | D:3      | Reached skill level 6 in Axes
  3187 | D:3      | Reached XP level 6. HP: 37/47 MP: 6/6
  3848 | D:4      | Noticed Aesgard's ghost (average GrFi)
  3870 | D:4      | HP: 1/47 [Aesgard's ghost (2)]
  3876 | D:4      | Killed Aesgard's ghost
  3876 | D:4      | Reached skill level 7 in Axes
  3876 | D:4      | Reached XP level 7. HP: 14/52 MP: 7/7
  4221 | D:4      | Killed from afar by an orc wizard

Vault maps used:
D:1:      sevenhm_arrival_forest_fort_small_5
D:2:      nicolae_ru_awakened_eye, uniq_iyjb
D:3:      kennysheep_generic_room_2
D:4:      grunt_temple_overflow_champion_of_chaos, zin_purify,
          nicolae_tso_besieged_by_evil, temple_fountains, first_bread,
          grunt_qazlal_sundering

Action                   |  1- 3 |  4- 6 |  7- 9 || total
-------------------------+-------+-------+-------++-------
Melee: Hand axe          |   121 |   213 |    24 ||   358
Invok: Trog's Hand       |       |     1 |       ||     1
  Use: Potion            |     1 |     6 |     3 ||    10
       Scroll            |       |     6 |       ||     6
  Eat: Chunk             |     2 |     7 |       ||     9
       Fruit             |       |     1 |       ||     1
       Beef jerky        |       |       |     1 ||     1
